 Dungeon Crawl Stone Soup version 0.19-a0-1185-gacb3972 (webtiles) character file.

18 jacquesderrida the Cutter (level 2, 0/15 HPs)
             Began as a Vine Stalker Wanderer on Aug 18, 2016.
             Succumbed to an adder's poison
             ... on level 2 of the Dungeon.
             The game lasted 00:00:24 (159 turns).

jacquesderrida the Cutter (Vine Stalker Wanderer)    Turns: 159, Time: 00:00:25

Health: 0/15       AC:  2    Str: 15    XL:     2   Next: 66%
Magic:  1/4        EV: 11    Int: 11    God:
Gold:   7          SH:  0    Dex: 13    Spells: 0 memorised, 3 levels left

rFire  . . .     SeeInvis .     b - +0 short sword
rCold  . . .     Gourm    .     d - +0 robe
rNeg   . . .     Faith    .     (no shield)
rPois  .         Spirit   +     (no helmet)
rElec  .         Dismiss  .     (no cloak)
rCorr  .         Reflect  .     (no gloves)
MR     .....     Harm     .     (no boots)
Stlth  ++........               (no amulet)
                                (no ring)
                                (no ring)

@: lethally poisoned (0 -> -2)
A: fangs 2, regeneration 1, magic shield, antimagic bite, no device heal 3, rot
immunity
a: no special abilities


You were on level 2 of the Dungeon.
You were not hungry.

You visited 1 branch of the dungeon, and saw 2 of its levels.

You collected 7 gold pieces.

Inventory:

Hand Weapons
 b - a +0 short sword (weapon)
Armour
 d - a +0 robe (worn)
Scrolls
 e - a scroll of enchant armour {unknown}
Potions
 c - a potion of lignification
 g - a potion of magic {unknown}
Books
 a - a book of Minor Magic

   Spells                             Type                      Level
   a - Magic Dart                     Conjuration                  1
   b - Blink                          Translocation                2
   c - Call Imp                       Summoning                    2
   d - Repel Missiles                 Charms/Air                   2
   e - Slow                           Hexes                        2
   f - Conjure Flame                  Conjuration/Fire             3
   g - Mephitic Cloud                 Conjuration/Poison/Air       3
Comestibles
 f - 2 bread rations


   Skills:
 + Level 2.0 Fighting
 - Level 4.5 Short Blades
 - Level 1.2 Stealth
 - Level 1.1 Spellcasting
   Level 1.0 Earth Magic
   Level 1.0 Poison Magic
   Level 1.0 Evocations


You had 3 spell levels left.
You didn't know any spells.

Dungeon Overview and Level Annotations

Branches:
Dungeon (2/15)

Altars:


Innate Abilities, Weirdness & Mutations

You have extremely sharp teeth.
Your natural rate of healing is unusually fast.
When hurt, damage is shared between your health and your magic reserves.
Your bite disrupts and absorbs the magic of your enemies.
Potions and wands cannot restore your health.
You are immune to rotting.


Message History

You are too injured to fight recklessly!
You are too injured to fight recklessly!
You are too injured to fight recklessly!
You are too injured to fight recklessly!
You are too injured to fight recklessly!
You are too injured to fight recklessly!
An adder is nearby!
An adder is nearby!
You puncture the adder!
The adder is severely wounded.
You feel sick. The adder bites you.
* * * LOW HITPOINT WARNING * * *
You closely miss the adder.
The adder is severely wounded.
The adder bites you.
* * * LOW HITPOINT WARNING * * *
The adder barely misses you.
You hit the adder but do no damage. Your bite misses the adder.
The adder is severely wounded.
You die...

#.#
#.#######.#
##.##
###.###.#
#.# ##...#
........#
#.#
######.###.
###.#####
#.#
#......# #.
#.# .#.#
#.####.###.
#.####### #
#.#####.#
##...#
#........
##......#
##.##
#########
##.#######
#.## #@##
#... #S##
#### #. #.
#. #. #. ##


You could see an adder.

Vanquished Creatures
  An adder (D:2)
  2 worms (D:2)
  A goblin (D:1)
  A rat (D:1)
5 creatures vanquished.

Notes
Turn   | Place    | Note
-------+----------+-------------------------------------------
     0 | D:1      | jacquesderrida the Vine Stalker Wanderer began the quest for the Orb.
     0 | D:1      | jacquesderrida set off with: a book of Minor Magic, a +0 short sword, a potion of lignification, a +0 robe, a bread ration
     0 | D:1      | Reached XP level 1. HP: 9/9 MP: 3/3
    70 | D:2      | Reached skill level 1 in Fighting
    84 | D:2      | Reached XP level 2. HP: 6/15 MP: 4/4
   159 | D:2      | Succumbed to an adder's poison

Vault maps used:
D:1:      ldierk_walled_garden, minmay_pentomino_v2
D:2:      uniq_jessica

Skill      XL: |  1  2 |
---------------+-------+-----
Fighting       | 1 2 |  2.0
Short Blades   | |  4.5
Stealth        | |  1.2
Spellcasting   | |  1.1
Earth Magic    | |  1.0
Poison Magic   | |  1.0
Evocations     | |  1.0

Action                   || total
-------------------------++-------
Melee: Short sword       ||    33
       Bite              ||    12
Dodge: Dodged            ||    12
